Map: Jagannatha LE

Players

PattyMac

  • Race: Protoss Protoss
  • League: Grandmaster

PiLiPiLi - Winner!

  • Race: Protoss Protoss
  • League: Grandmaster

Event: DreamHack SC2 Masters 2021 Summer

VOD

Have the link to the VOD?

Description

Time

  • Played on: May 26, 2021, 4:02 p.m.
  • Length: 9:33

All games in this series

Show
View Real Time Build Order
Export as new Build Order

PattyMac Protoss 

Build Orders:  

Get SALT Encoding   

  12  0:00  Probe  
  13  0:12  Probe  
  14  0:17  Pylon  
  14  0:24  Probe (Chrono Boost)  
  16  0:37  Probe (Chrono Boost), Gateway  
  16  0:41  Probe (Chrono Boost)  
  16  0:46  Assimilator  
  17  0:52  Probe (Chrono Boost)  
  17  0:55  Assimilator  
  18  1:04  Probe (Chrono Boost)  
  18  1:08  Gateway  
  19  1:13  Probe (Chrono Boost)  
  20  1:19  Probe  
  20  1:25  Cybernetics Core  
  21  1:31  Probe  
  22  1:36  Pylon  
  22  1:43  Probe  
  23  1:56  Probe  
  23  1:58  Warp Gate (Chrono Boost)  
  24  2:01  Stalker  
  28  2:09  Probe  
  28  2:14  Pylon  
  29  2:21  Probe  
  30  2:32  Stalker  
  30  2:34  Sentry  
  33  2:37  Probe  
  32  2:47  Nexus  
  32  2:51  Probe  
  32  2:56  Pylon  
  33  3:03  Probe  
  33  3:04  Sentry  
  33  3:05  Sentry  
  38  3:16  Probe  
  38  3:17  Shield Battery  
  39  3:24  Twilight Council  
  37  3:39  Stalker x2  
  41  3:45  Probe  
  40  3:48  Shield Battery  
  40  3:56  Gateway  
  40  3:59  Probe  
  41  4:03  Dark Shrine  
  41  4:07  Probe (Chrono Boost)  
  42  4:11  Probe (Chrono Boost)  
  43  4:19  Probe (Chrono Boost)  
  43  4:21  Blink (Chrono Boost)  
  43  4:22  Probe (Chrono Boost)  
  45  4:24  Probe (Chrono Boost)  
  45  4:31  Probe, Shield Battery  
  46  4:34  Probe  
  44  4:40  Stalker  
  45  4:45  Probe (Chrono Boost)  
  45  4:46  Probe (Chrono Boost)  
  46  4:57  Probe (Chrono Boost)  
  48  5:00  Probe (Chrono Boost)  
  48  5:02  Probe (Chrono Boost)  
  49  5:08  Probe  
  50  5:15  Probe  
  50  5:17  Nexus  
  51  5:21  Dark Templar  
  51  5:23  Probe  
  51  5:27  Probe  
  55  5:28  Assimilator  
  55  5:35  Probe  
  56  5:36  Pylon  
  56  5:39  Probe  
  56  5:47  Probe  
  57  5:51  Gateway  
  57  5:52  Probe  
  58  5:57  Robotics Facility  
  58  5:59  Probe, Gateway  
  58  6:01  Pylon  
  58  6:04  Probe  
  60  6:07  Stalker  
  60  6:10  Shield Battery  
  62  6:12  Stalker  
  64  6:22  Pylon  
  64  6:29  Probe  
  62  6:38  Stalker x3  
  66  6:46  Observer (Chrono Boost)  
  65  6:48  Probe  
  65  6:49  Probe  
  65  6:56  Stalker x2  
  65  7:04  Probe  
  65  7:06  Probe  
  65  7:08  Probe  
  64  7:16  Probe  
  65  7:28  Probe  
  66  7:32  Dark Templar  
  66  7:34  Dark Templar  
  66  7:36  Probe  
  62  7:50  Probe (Chrono Boost)  
  63  7:53  Probe (Chrono Boost)  
  64  7:59  Probe (Chrono Boost)  
  64  8:02  Observer, Probe (Chrono Boost), Adept  
  70  8:06  Probe (Chrono Boost)  
  70  8:08  Probe (Chrono Boost)  
  70  8:09  Probe (Chrono Boost)  
  70  8:10  Stalker  
  70  8:11  Probe (Chrono Boost)  
  72  8:14  Probe (Chrono Boost)  
  70  8:20  Dark Templar  
  70  8:21  Shield Battery  
  70  8:22  Probe (Chrono Boost)  
  70  8:24  Probe (Chrono Boost)  
  75  8:31  Probe (Chrono Boost)  
  75  8:32  Probe (Chrono Boost)  
  76  8:35  Probe (Chrono Boost)  
  76  8:36  Immortal (Chrono Boost)  
  76  8:37  Probe (Chrono Boost)  
  83  8:45  Probe (Chrono Boost)  
  83  8:47  Probe (Chrono Boost)  
  83  8:48  Probe (Chrono Boost)  
  85  8:49  Stalker  
  87  9:05  Stalker x2  
  57  9:20  Stalker x2  
Show
View Real Time Build Order
Export as new Build Order

PiLiPiLi Protoss - Winner!

Build Orders: Oracle Opening 

Get SALT Encoding   

  12  0:01  Probe  
  13  0:13  Probe  
  14  0:18  Pylon  
  14  0:25  Probe (Chrono Boost)  
  15  0:37  Probe (Chrono Boost)  
  15  0:38  Gateway  
  16  0:45  Probe (Chrono Boost)  
  16  0:47  Assimilator  
  17  0:51  Probe  
  18  0:58  Assimilator  
  18  1:04  Probe (Chrono Boost)  
  19  1:10  Gateway  
  19  1:15  Probe (Chrono Boost)  
  20  1:20  Probe (Chrono Boost)  
  21  1:27  Cybernetics Core  
  21  1:30  Probe  
  22  1:38  Pylon  
  22  1:42  Probe  
  23  1:56  Probe  
  24  2:02  Warp Gate (Chrono Boost)  
  24  2:03  Stalker  
  24  2:04  Stalker  
  28  2:14  Pylon  
  28  2:20  Probe  
  29  2:32  Probe  
  29  2:33  Stalker  
  32  2:39  Stalker  
  34  2:45  Stargate  
  34  2:50  Probe  
  34  3:13  Nexus  
  34  3:16  Probe  
  35  3:33  Probe  
  36  3:40  Oracle (Chrono Boost)  
  34  3:44  Adept  
  34  3:48  Probe, Pylon  
  38  3:49  Pylon  
  38  4:01  Probe, Pylon  
  39  4:06  Twilight Council  
  39  4:11  Oracle (Chrono Boost)  
  39  4:17  Probe  
  43  4:24  Shield Battery  
  43  4:26  Probe  
  43  4:29  Probe  
  46  4:41  Probe  
  44  4:45  Robotics Facility  
  44  4:48  Probe  
  44  4:51  Dark Shrine  
  45  4:53  Probe (Chrono Boost)  
  46  5:00  Stalker  
  46  5:05  Probe (Chrono Boost)  
  46  5:06  Probe (Chrono Boost)  
  50  5:09  Pylon  
  50  5:12  Probe (Chrono Boost)  
  52  5:14  Probe (Chrono Boost)  
  52  5:16  Assimilator  
  52  5:20  Probe  
  53  5:24  Pylon, Blink  
  53  5:25  Probe  
  54  5:32  Probe  
  55  5:37  Probe  
  56  5:44  Probe  
  56  5:49  Probe  
  58  5:53  Gateway  
  58  5:56  Probe, Gateway  
  58  6:01  Probe  
  59  6:04  Dark Templar x2  
  59  6:08  Probe  
  64  6:13  Probe, Nexus  
  64  6:16  Pylon  
  65  6:19  Observer  
  65  6:20  Probe  
  65  6:25  Probe  
  68  6:32  Probe  
  69  6:37  Probe  
  69  6:39  Stalker x2  
  74  6:44  Probe  
  74  6:46  Gateway  
  75  6:47  Observer  
  75  6:49  Probe  
  76  6:56  Probe, Stalker x2  
  81  7:01  Probe  
  81  7:04  Stalker  
  81  7:06  Gateway  
  81  7:08  Probe, Gateway  
  84  7:14  Probe  
  86  7:18  Gateway  
  86  7:19  Charge (Chrono Boost)  
  86  7:20  Warp Prism (Chrono Boost)  
  86  7:21  Probe  
  85  7:26  Probe  
  88  7:30  Forge  
  88  7:32  Pylon  
  88  7:39  Stalker  
  88  7:40  Stalker x3  
  96  7:44  Shield Battery  
  96  7:45  Pylon  
  96  7:46  Observer  
  93  7:51  Immortal (Chrono Boost)  
  93  7:52  Stalker  
  99  8:06  Stalker x3  
  99  8:12  Stalker  
  107  8:19  Photon Cannon  
  105  8:21  Photon Cannon  
  105  8:23  Photon Cannon  
  105  8:27  Photon Cannon  
  105  8:29  Pylon  
  105  8:37  Zealot x7  
  105  8:39  Sentry  
  121  9:04  Zealot x4  
  119  9:14  Stalker  
  119  9:15  Stalker x3  
  121  9:24  Zealot x4  
Tags
 
Add a new tag
Caveats
  • Supply blocks, unpowered buildings, or Contaminate may cause inaccurate times.
  • Supply counts are checked every 10 seconds.